 Dungeon Crawl Stone Soup version 0.17.0-18-gaab0e96 (webtiles) character file.

365 ventricule the Skirmisher (level 6, 0/87 HPs)
             Began as a Tengu Arcane Marksman on Nov 11, 2015.
             Was an Initiate of Fedhas.
             Succumbed to an orc wizard's poison
             ... on level 4 of the Dungeon.
             The game lasted 00:17:26 (4085 turns).

ventricule the Skirmisher (Tengu Arcane Marksman)   Turns: 4085, Time: 00:17:26

Health: 0/87       AC: 23    Str: 13 (16) XL:     6   Next: 68%
Magic:  8/8        EV:  2    Int: 15      God:    Fedhas [......]
Gold:   217        SH:  0    Dex: 19      Spells: 2 memorised, 4 levels left

rFire  . . .     SeeInvis .     a - +3 quarterstaff (chaos)
rCold  . . .     Clarity  .     (armour currently unavailable)
rNeg   + + +     SustAt   .     (shield currently unavailable)
rPois  +         Gourm    .     (helmet currently unavailable)
rElec  .         Spirit   .     (cloak currently unavailable)
rCorr  .         Warding  .     (gloves currently unavailable)
rMut   .         NoTele   +     (boots unavailable)
MR     .....                    (no amulet)
Stlth  ..........               (no ring)
                                (no ring)

@: confused, agile, berserking (expiring), lethally poisoned (0 -> -28),
tree-form, cleaving, drained, very quick, not resistant to hostile enchantments,
extremely unstealthy
A: (beak), (talons 0), able to fly 1
a: Fly, Renounce Religion


You were on level 4 of the Dungeon.
You worshipped Fedhas.
Fedhas was noncommittal.
You were not hungry.
You were a tree.
You visited 2 branches of the dungeon, and saw 5 of its levels.

You collected 217 gold pieces.


Innate Abilities, Weirdness & Mutations

((You have a beak for a mouth.))
((You have claws for feet.))
You can fly.


   Skills:
 - Level 4.6(4.5) Fighting
 + Level 2.9(2.7) Staves
 - Level 4.0(3.8) Crossbows
 - Level 2.9(2.8) Dodging
 - Level 1.0(0.8) Spellcasting
 - Level 2.1(2.0) Hexes


You had 4 spell levels left.
You knew the following spells:

 Your Spells              Type           Power        Failure   Level  Hunger
z - Slow                  Hex            #.......     17%         2    ###....
Z - Corona                Hex            #......      12%         1    ##.....

Inventory:

Hand Weapons
 a - a +3 quarterstaff of chaos (weapon)
 b - a +0 hand crossbow
 h - a +0 dagger
 i - a +0 short sword
 l - a +0 hand axe
 D - a +3 dagger
Missiles
 r - 41 bolts
Armour
 c - a +0 robe (melded)
 t - a +2 pair of gloves (melded)
 B - a +2 cloak (melded)
Wands
 y - a wand of magic darts (42)
Scrolls
 f - 2 scrolls of enchant armour
 g - a scroll of remove curse
 o - 2 scrolls of identify {@r1}
 p - a scroll of recharging
Potions
 j - 2 potions of degeneration {!q}
 k - a potion of brilliance
 m - 2 potions of might
 q - a potion of cure mutation
Books
 d - a book of Debilitation

   Spells                             Type                      Level
   a - Corona                         Hexes                        1
   b - Slow                           Hexes                        2
   c - Gell's Gravitas                Hexes/Translocation          3
   d - Inner Flame                    Hexes/Fire                   3
   e - Cause Fear                     Hexes                        4
   f - Leda's Liquefaction            Hexes/Earth                  4
 F - a book of Maledictions

   Spells                             Type                      Level
   a - Corona                         Hexes                        1
   b - Ensorcelled Hibernation        Hexes/Ice                    2
   c - Confuse                        Hexes                        3
   d - Tukima's Dance                 Hexes                        3
   e - Dazzling Spray                 Conjuration/Hexes            3
Miscellaneous
 w - a plain deck of changes {drawn: 1}
Comestibles
 e - 3 bread rations
 n - a chunk of flesh
 x - a fruit

Dungeon Overview and Level Annotations

Branches:
Dungeon (4/15)             Temple (1/1) D:4

Altars:
Dithmenos
Elyvilon
Fedhas
Gozag
Makhleb
Nemelex Xobeh
Okawaru
Qazlal
Ru
Sif Muna
Vehumet
Xom
Lugonu

▒.▒ ▒▒▒.▒ ▒...▒
▒▒▒▒▒▒▒▒.▒▒▒▒▒▒▒
................
▒▒▒▒▒▒▒▒▒..▒▒▒▒▒▒
▒............▒
▒▒▒▒.▒▒▒▒▒▒▒▒...▒
▒..♣........▒...▒▒▒▒
▒▒.▒)▒▒.........▒...
.....................▒...
.▒▒▒▒▒▒(▒▒▒▒.........▒...
(.<.....▒▒▒......▒.
▒..▒▒▒...▒........▒.
▒........▒.▒.▒▒▒..▒▒
▒.▒▒▒▒▒..▒...▒.....▒ ..
▒........▒▒...


There were no monsters in sight!


Message History

You feel very sick. Something hits you but does no damage.
You cannot move. (Use ctrl+direction to attack without moving.)
You cannot move. (Use ctrl+direction to attack without moving.)
You miss something.
You feel a strong urge to attack something.
* * * LOW HITPOINT WARNING * * *
You feel very sick. Something hits you but does no damage.
You are more poisoned.
You closely miss something.
* * * LOW HITPOINT WARNING * * *
You feel sick. Something completely misses you.
You closely miss something.
* * * LOW HITPOINT WARNING * * *
You feel sick.
You completely miss something.
* * * LOW HITPOINT WARNING * * *
You feel very sick. Something hits you but does no damage.
You barely miss something.
* * * LOW HITPOINT WARNING * * *
You feel sick. Something hits you but does no damage.
You closely miss something.
* * * LOW HITPOINT WARNING * * *
You feel sick. Something hits you but does no damage.
You are too berserk!
You miss something.
You die...
Fedhas appreciates your contribution to the ecosystem.

Action                   |  1- 3 |  4- 6 || total
-------------------------+-------+-------++-------
Melee: Unarmed           |     9 |       ||     9
       Dagger            |    27 |    89 ||   116
       Hand axe          |    32 |       ||    32
       Short sword       |    12 |       ||    12
       Quarterstaff      |       |    47 ||    47
 Fire: Hand crossbow     |    13 |    41 ||    54
 Cast: Corona            |    19 |    18 ||    37
Evoke: Deck              |       |     1 ||     1
  Use: Potion            |       |     9 ||     9
       Scroll            |       |     8 ||     8
 Stab: Sleeping          |     1 |     1 ||     2
       Paralysed         |       |     1 ||     1
  Eat: Chunk             |     3 |     7 ||    10
       Bread ration      |       |     1 ||     1

Vault maps used:
D:1:      dpeg_arrival_rooms_b
D:2:      nicolae_qazlal_general_emergency, overflow_temple_1_default,
          lemuel_crystal_altar, minmay_strange_pillars, amalloy_card_club
D:3:      overflow_temple_1_default, first_bread, kennysheep_cross_bottleneck,
          minivault_4, uniq_jessica, uniq_crazy_yiuf_cottage
D:4:      kennysheep_the_goblin_king, lightli_temple_of_fire, zin_scriptorium,
          nicolae_overflow_hidden_temple, lemuel_crystal_altar,
          minmay_temple_entry_nine_rooms, serial_shops, nicolae_shop_crystal,
          minmay_misc_feat_more_columns
Temple:   corrupted_temple

Notes
Turn   | Place    | Note
--------------------------------------------------------------
     0 | D:1      | ventricule the Tengu Arcane Marksman began the quest for the Orb.
     0 | D:1      | Reached XP level 1. HP: 12/12 MP: 3/3
   279 | D:1      | Reached skill level 2 in Fighting
   279 | D:1      | Reached XP level 2. HP: 17/17 MP: 2/4
   300 | D:1      | Learned a level 2 spell: Slow
   939 | D:1      | Reached XP level 3. HP: 22/22 MP: 1/5
  1098 | D:1      | Reached skill level 3 in Fighting
  1179 | D:2      | Found a shimmering altar of Xom.
  1629 | D:2      | Found an iron altar of Okawaru.
  1695 | D:2      | Reached XP level 4. HP: 27/29 MP: 6/6
  1806 | D:2      | Found a stormy altar of Qazlal.
  1912 | D:2      | Reached skill level 4 in Fighting
  2105 | D:3      | Noticed Jessica
  2109 | D:3      | Killed Jessica
  2211 | D:3      | Reached skill level 3 in Crossbows
  2211 | D:3      | Gained mutation: You can fly. [Tengu growth]
  2211 | D:3      | Reached XP level 5. HP: 28/34 MP: 7/7
  2758 | D:3      | Found a deep blue altar of Sif Muna.
  2786 | D:3      | Noticed Crazy Yiuf
  2801 | D:3      | Killed Crazy Yiuf
  2801 | D:3      | Reached skill level 4 in Crossbows
  2801 | D:3      | Reached XP level 6. HP: 35/39 MP: 6/8
  3183 | D:4      | Found a staircase to the Ecumenical Temple.
  3188 | Temple   | Entered the Ecumenical Temple
  3191 | Temple   | Reached skill level 1 in Staves
  3312 | Temple   | Became a worshipper of Fedhas Madash
  3668 | D:4      | Reached skill level 2 in Staves
  4074 | D:4      | HP: 4/58 [poisoned by an orc wizard]
  4081 | D:4      | HP: 8/87 [poisoned by an orc wizard]
  4084 | D:4      | HP: 2/87 [poisoned by an orc wizard]
  4085 | D:4      | Succumbed to an orc wizard's poison

Vanquished Creatures
  A water moccasin zombie (D:3)
  Crazy Yiuf (D:3)
  An orc priest (D:4)
  Jessica (D:3)
  A worker ant (D:4)
  A hound zombie (D:3)
  4 gnolls
  6 adders
  An adder skeleton (D:4)
  5 worms
  6 giant geckos
  2 orcs (D:3)
  2 ball pythons (D:3)
  4 giant cockroaches
  7 goblins
  8 hobgoblins
  2 jackals (D:1)
  A quokka (D:2)
  6 bats
  6 giant newts
  13 kobolds
  7 rats
86 creatures vanquished.
